 Dungeon Crawl Stone Soup version 0.19-a0-1815-g4007336 (webtiles) character file.

739 4thArraOfDagon the Ruffian (level 7, -11/62 HPs)
             Began as a Troll Wanderer on Oct 5, 2016.
             Was a Follower of Okawaru.
             Mangled by a killer bee (12 damage)
             ... on level 8 of the Dungeon.
             The game lasted 00:04:33 (947 turns).

4thArraOfDagon the Ruffian (Troll Wanderer)          Turns: 947, Time: 00:04:34

Health: -11/62     AC:  7    Str: 21    XL:     7   Next: 46%
Magic:  5/7        EV: 19    Int: 14    God:    Okawaru [*.....]
Gold:   92         SH:  0    Dex: 15    Spells: 0 memorised, 8 levels left

rFire  . . .     SeeInvis .       - Unarmed
rCold  . . .     Gourm    +     d - +0 robe
rNeg   . . .     Faith    .     (no shield)
rPois  .         Spirit   .     (helmet restricted)
rElec  .         Dismiss  .     o - +1 cloak (curse)
rCorr  .         Reflect  .     (gloves unavailable)
MR     .....     Harm     .     (boots unavailable)
Stlth  ++++......               e - amulet of regeneration
                                (no ring)
                                (no ring)

@: brilliant, agile, lethally poisoned (-11 -> -11), heroism
A: unfitting armour, claws 3, fast metabolism 3, gourmand, regeneration 1,
shaggy fur 1, tough skin 2
a: Heroism, Renounce Religion


You were on level 8 of the Dungeon.
You worshipped Okawaru.
Okawaru was aware of your devotion.
You were very full.

You visited 1 branch of the dungeon, and saw 8 of its levels.

You collected 92 gold pieces.

Inventory:

Armour
 d - a +0 robe (worn)
 o - a cursed +1 cloak (worn)
Jewellery
 e - an amulet of regeneration (around neck)
Wands
 j - a wand of iceblast (3/15)
 p - a wand of lightning (8/15)
Scrolls
 a - a scroll of magic mapping {unknown}
 i - 2 scrolls of enchant armour
 q - a scroll of teleportation {unknown}
 r - a scroll of enchant weapon {unknown}
Potions
 h - a potion of flight
 k - a potion of agility
 s - a potion of curing
Books
 b - Waunox's Almanac of Ignition

   Spells                             Type                      Level
   a - Flame Tongue                   Conjuration/Fire             1
   b - Ignite Poison                  Fire/Transmutation/Poison    3
 c - the Compendium of Poison

   Spells                             Type                      Level
   a - Sting                          Conjuration/Poison           1
   b - Ignite Poison                  Fire/Transmutation/Poison    3
Comestibles
 f - 3 bread rations


   Skills:
 - Level 1.0(6.0) Fighting
 - Level 1.5(6.5) Dodging
   Level 1.0(6.0) Shields
 * Level 7.6(12.6) Unarmed Combat
 - Level 1.0 Spellcasting
   Level 2.9 Poison Magic
 + Level 2.5 Invocations
 - Level 1.0 Evocations


You had 8 spell levels left.
You didn't know any spells.

Dungeon Overview and Level Annotations

Branches:
Dungeon (8/15)
 Temple: D:4-7         Lair: D:8-11

Altars:
Dithmenos
Okawaru


Innate Abilities, Weirdness & Mutations

You are too large for most types of armour.
You have claws for hands.
Your metabolism is lightning-fast.
You like to eat raw meat.
Your natural rate of healing is unusually fast.
You are covered in fur. (AC +1)
You have very tough skin. (AC +2)


Message History

Unknown command.
As you read the scroll labeled FESUST JEKO, it crumbles to dust.
You hear a loud clanging noise!
It was a scroll of noise.
You hear a shout!
You hear an angry buzzing noise. x5; You hear a bark! x3
You hear a shout!
You hear a bark! x2; You hear an angry buzzing noise. x3
You hear a howl! x2; You hear an angry buzzing noise.
You hear a shout!
The killer bee completely misses you. The killer bee stings you!
* * * LOW HITPOINT WARNING * * *
The killer bee rages.
The killer bee barely misses you.
Unknown command.
As you read the scroll labeled OMUTHA MAWKEIGG, it crumbles to dust.
You assume a fearsome visage.
The queen bee looks frightened!
The kobold looks frightened!
It was a scroll of fear.
You feel sick. The killer bee stings you!
* * * LOW HITPOINT WARNING * * *
You are more poisoned.
The killer bee poisons you! The killer bee stings you!
You die...

≈.....)###.†###
.....# #.....#
.########.###.#
...##.....# #.#
......##### #.## ##
##.#### #..# .. #..#
##.## .# ##.##
#####..#### .# #..#
##..###.@yy#.#
##.####.(.######y..#
#....†.#..# ##..#
#....######.##
#..K.# #.##.####
#..###..##... #..
#....####.##..#
###.# ..
##.[.........# < ##
##............##
#..........<...###


You could see a queen bee (fleeing), 2 killer bees and a kobold (fleeing).

Vanquished Creatures
  A necrophage (D:8)
  A centaur (D:7)
  A big kobold (D:8)
  2 killer bees (D:8)
  2 howler monkeys (D:7)
  2 crimson imps (D:7)
  A quasit (D:7)
  A centaur zombie (D:5)
  A hound (D:7)
  An iguana (D:5)
  3 orc wizards
  A worker ant (D:7)
  3 adders
  A leopard gecko (D:7)
  8 orcs
  2 goblins
  2 kobolds
  A quokka (D:7)
  3 bats (D:1)
  A jackal skeleton (D:7)
  3 rats
41 creatures vanquished.

Notes
Turn   | Place    | Note
-------+----------+-------------------------------------------
     0 | D:1      | 4thArraOfDagon the Troll Wanderer began the quest for the Orb.
     0 | D:1      | 4thArraOfDagon set off with: a +2 spear, Waunox's Almanac of Ignition, the Compendium of Poison, a +0 robe, 2 bread rations
     0 | D:1      | Reached XP level 1. HP: 19/19 MP: 1/1
    31 | D:1      | Reached skill level 1 in Unarmed Combat
    87 | D:2      | Reached XP level 2. HP: 24/27 MP: 2/2
    95 | D:2      | Identified Waunox's Almanac of Ignition
    95 | D:2      | Identified the Compendium of Poison
   201 | D:5      | Entered Level 5 of the Dungeon
   208 | D:5      | Reached skill level 2 in Unarmed Combat
   208 | D:5      | Reached XP level 3. HP: 22/33 MP: 3/3
   243 | D:5      | Reached skill level 3 in Unarmed Combat
   269 | D:5      | Reached XP level 4. HP: 30/41 MP: 4/4
   354 | D:5      | Reached skill level 4 in Unarmed Combat
   394 | D:6      | Reached XP level 5. HP: 42/48 MP: 5/5
   469 | D:7      | Reached skill level 5 in Unarmed Combat
   509 | D:7      | Reached skill level 6 in Unarmed Combat
   509 | D:7      | Reached XP level 6. HP: 53/55 MP: 6/6
   557 | D:7      | Found a shadowy altar of Dithmenos.
   558 | D:7      | Found an iron altar of Okawaru.
   562 | D:7      | Became a worshipper of Warmaster Okawaru
   649 | D:7      | Reached skill level 1 in Invocations
   762 | D:7      | Reached * piety under Okawaru
   888 | D:8      | Reached skill level 7 in Unarmed Combat
   888 | D:8      | Reached XP level 7. HP: 16/62 MP: 4/7
   926 | D:8      | Noticed a queen bee
   947 | D:8      | HP: 1/62 [killer bee (10)]
   947 | D:8      | Mangled by a killer bee

Vault maps used:
D:1:      ldierk_walled_garden_2, serial_bayou_pond_e
D:2:      first_bread, interstate_on_off, kennysheep_generic_room_14
D:3:      lemuel_doored_altar
D:5:      corexii_shantytown
D:6:      lightli_sewer_entry_pipes, lemuel_statue_altar, uniq_edmund,
          uniq_grinder, uniq_pikel
D:7:      gammafunk_temple_overflow_statue
D:8:      erik_lair_island, david_nohive_1

Skill      XL: |  1  2  3  4  5  6  7 |
---------------+----------------------+-----
Unarmed Combat | 1 2 3 4 6 7 |  7.6
Invocations    | 1 2 |  2.5
Fighting       | |  1.0
Dodging        | |  1.5
Shields        | |  1.0
Spellcasting   | |  1.0
Poison Magic   | |  2.9
Evocations     | |  1.0

Action                   |  1- 3 |  4- 6 |  7- 9 || total
-------------------------+-------+-------+-------++-------
Melee: Spear             |    21 |       |       ||    21
       Unarmed           |    50 |   110 |    12 ||   172
       Punch             |     1 |     1 |       ||     2
Throw: Throwing net      |       |       |     1 ||     1
Invok: Heroism           |       |     1 |     2 ||     3
  Use: Scroll            |     2 |     1 |     2 ||     5
       Potion            |       |     1 |     3 ||     4
 Stab: Sleeping          |     1 |       |       ||     1
  Eat: Chunk             |     1 |    11 |       ||    12
Armor: Robe              |    21 |    41 |     3 ||    65
Dodge: Dodged            |    44 |    63 |    18 ||   125
